 Dungeon Crawl Stone Soup version 0.26.1-11-gd32895ea62 (webtiles) character file.

Game seed: 2397925686765201578

706 Descartes the Conjurer (level 7, -2/36 HPs)
             Began as a Deep Elf Wanderer on May 10, 2021.
             Was an Initiate of Gozag.
             Splashed by Pikel's acid (19 damage)
             ... on level 4 of the Dungeon.
             The game lasted 00:18:07 (5667 turns).

Descartes the Conjurer (Deep Elf Wanderer)          Turns: 5667, Time: 00:18:14

Health: -2/36      AC:  1    Str:  9    XL:     7   Next: 39%
Magic:  13/13      EV: 11    Int: 22    God:    Gozag
Gold:   191        SH:  5    Dex: 13    Spells: 11/12 levels left

rFire    . . .     SeeInvis .   q - +2 dagger (venom)
rCold    . . .     Faith    .   e - +0 buckler
rNeg     . . .     Spirit   .   d - +0 robe
rPois    .         Reflect  .   (no helmet)
rElec    .         Harm     .   i - +2 cloak
rCorr    .         Rampage  .   (no gloves)
Will     .....     Rnd*Tele +   (no boots)
Stlth    ++........             w - amulet of magic regeneration
HPRegen  0.12/turn              r - ring of teleportation (curse)
MPRegen  0.38/turn              (no ring)

@: corroded
A: clever 1, mutation resistance 1
a: Renounce Religion, Potion Petition, Call Merchant, Bribe Branch


You were on level 4 of the Dungeon.
You worshipped Gozag.
Gozag was aware of your devotion.
You visited 1 branch of the dungeon, and saw 4 of its levels.

You collected 277 gold pieces.
You paid 86 gold pieces to Gozag.

Inventory:

Hand Weapons
 b - a +0 hunting sling
 f - a +3 quarterstaff of chaos
 q - a +2 dagger of venom (weapon)
Missiles
 g - 39 poisoned darts (quivered)
 h - 82 sling bullets
 k - 106 stones
Armour
 c - +0 shadow dragon scales
 d - a +0 robe (worn)
 e - a +0 buckler (worn)
 i - a +2 cloak (worn)
Jewellery
 r - a cursed ring of teleportation (left hand)
 w - an amulet of magic regeneration (around neck)
Wands
 u - a wand of enslavement (3)
Scrolls
 a - a scroll of identify
 j - a scroll of enchant weapon
 p - a scroll of amnesia
 t - a scroll of blinking
 v - a scroll of fog
Potions
 l - 2 potions of flight
 m - a potion of degeneration
 n - 2 potions of attraction
 o - a potion of haste
 s - a potion of mutation


   Skills:
 + Level 0.3 Dodging
 + Level 1.4 Stealth
 - Level 4.0 Shields
 + Level 3.1 Spellcasting
 + Level 5.0 Conjurations
 + Level 1.2 Translocations
 - Level 2.1 Fire Magic
 + Level 5.0 Air Magic
 - Level 1.1 Evocations


You had 11 spell levels left.
You knew the following spells:

 Your Spells              Type           Power        Failure   Level
a - Shock                 Conj/Air       100%         1%          1

Your spell library contained the following spells:

 Spells                   Type           Power        Failure   Level
 Blink                    Tloc           N/A          11%         2
 Stone Arrow              Conj/Erth      28%          13%         3
 Gell's Gravitas          Tloc           4%           22%         3
 Lesser Beckoning         Tloc           4%           22%         3
 Teleport Other           Tloc           8%           22%         3
 Passage of Golubria      Tloc           N/A          58%         4


Dungeon Overview and Level Annotations

Branches:
Dungeon (4/15)             Temple (0/1) D:4

Altars:
Gozag
Okawaru

Shops:
D:4 *[

Annotations:
D:4 Pikel


Innate Abilities, Weirdness & Mutations

Your mind is acute. (Int +2)
You are somewhat resistant to further mutation.


Message History

Press: ? - help, Shift-Dir - straight line The zap hits the lemure.
You kill the lemure!
That felt strangely unrewarding.
Casting: Shock (safe; 1% risk of failure)
Confirm with . or Enter, or press ? or * to list all spells.
You can't see any susceptible monsters within range! (Use Z to cast anyway.) Unknown command.
Unknown command.
Magic restored.
HP restored.
Done exploring.
You climb downwards.
Level annotation: Pikel Pikel zaps a wand.
The bolt of acid hits you!!
Ouch! That really hurt!
The acid corrodes you!
You are splashed with acid!!
Ouch! That really hurt!
You die...
Your body crumbles into a pile of gold.

#≈.....≈# ####.. #≈.⌠.⌠.≈#
##8.8.8 #≈..∩..≈### ..##..⌠.⌠.
#≈.⌠.⌠.≈..# .....8.∩.8
#≈.....≈#.# ..###.⌠.⌠.
#≈≈...≈≈#.# #......# #8.8.8 .
#.≈._.≈.#'## #......# ####.#
.#####.≈...≈....###......# #..
.....#.≈≈.≈≈....@##......########
............K...###.........>####
#..#.###..##....# #.......##.#...
#..#.....#####.####.......##.#.#.
.......5..K.................>..#.
.......#######.#####.####.##..###
##.#.#.# #$#####.# #.##.....
.#+#.5h# #.......# #.###.###
....#..#### #.#.....# #.# #..


You could see Pikel.

Vanquished Creatures
  Grinder (D:3)
  Eustachio (D:4)
  An ogre (D:3)
  3 lemures (D:3)
  An orc priest (D:3)
  Crazy Yiuf (D:3)
  A bullfrog skeleton (D:4)
  Jessica (D:3)
  Ijyb (D:3)
  2 adders (D:3)
  3 worms
  2 dart slugs (D:1)
  2 leopard geckos (D:2)
  17 orcs (D:3)
  2 bats
  A giant cockroach (D:2)
  11 hobgoblins
  7 jackals (D:2)
  5 frilled lizards
  18 goblins
  12 kobolds
  12 rats
105 creatures vanquished.

Vanquished Creatures (others)
  A kraken (D:1)
  An octopode (D:1)
  2 vine stalkers (D:1)
  2 gargoyles (D:1)
  A formicid (D:1)
  A vampire (D:1)
  A dwarf (D:1)
  A centaur (D:1)
  A kobold (D:1)
  10 tentacles (D:1)
21 creatures vanquished.

Grand Total: 126 creatures vanquished

Notes
Turn   | Place    | Note
-------+----------+-------------------------------------------
     0 | D:1      | Descartes the Deep Elf Wanderer began the quest for the
                  | Orb.
     0 | D:1      | Descartes set off with the following items: a +0 dagger, a
                  | potion of lignification, a +0 robe; and the following spell
                  | memorised: Shock; and the following spells available to
                  | memorise: Blink, Stone Arrow, Gell's Gravitas, Lesser
                  | Beckoning, Teleport Other, Passage of Golubria
     0 | D:1      | Reached XP level 1. HP: 10/10 MP: 6/6
     0 | D:1      | Noticed a vine stalker
     0 | D:1      | Noticed a vine stalker
     0 | D:1      | Noticed an octopode
     0 | D:1      | Noticed a gargoyle
     0 | D:1      | Noticed a ghoul
     0 | D:1      | Noticed a vampire
     0 | D:1      | Noticed a gargoyle
     0 | D:1      | Noticed a kraken
     0 | D:1      | Noticed a formicid
     0 | D:1      | Noticed a dwarf
     0 | D:1      | Noticed a human
     0 | D:1      | Noticed a centaur
     6 | D:1      | Killed an octopode
     6 | D:1      | Killed a gargoyle
     6 | D:1      | Killed a vine stalker
     7 | D:1      | Killed a vine stalker
     8 | D:1      | Killed a gargoyle
     9 | D:1      | Killed a formicid
    11 | D:1      | Killed a vampire
    13 | D:1      | Killed a dwarf
    13 | D:1      | Killed a centaur
    15 | D:1      | Killed a kraken
   312 | D:1      | Reached skill level 1 in Air Magic
   385 | D:1      | Reached XP level 2. HP: 15/15 MP: 6/8
   940 | D:1      | Reached XP level 3. HP: 19/19 MP: 5/9
  1973 | D:2      | Reached XP level 4. HP: 24/24 MP: 7/10
  2630 | D:3      | Noticed Jessica
  2634 | D:3      | Killed Jessica
  2805 | D:3      | Noticed Grinder
  2851 | D:3      | Paralysed by Grinder for 5 turns
  2867 | D:3      | Killed Grinder
  2868 | D:3      | Reached skill level 5 in Conjurations
  2868 | D:3      | Reached XP level 5. HP: 22/28 MP: 4/11
  2868 | D:3      | Reached XP level 6. HP: 25/32 MP: 4/12
  3403 | D:3      | Found a runed translucent door.
  3404 | D:3      | Noticed Crazy Yiuf
  3424 | D:3      | Killed Crazy Yiuf
  3521 | D:3      | Noticed Ijyb
  3532 | D:3      | Killed Ijyb
  4004 | D:4      | Found an opulent altar of Gozag.
  4006 | D:4      | Found Gozag's Platinum Reserve.
  4014 | D:4      | Became a worshipper of Gozag Ym Sagoz the Greedy
  4057 | D:4      | Noticed Pikel
  4062 | D:4      | Noticed Eustachio
  4401 | D:3      | Gained mutation: Your mind is acute. (Int +2) [potion of
                  | mutation]
  4401 | D:3      | Gained mutation: You are somewhat resistant to further
                  | mutation. [potion of mutation]
  4459 | D:4      | Reached XP level 7. HP: 32/36 MP: 7/13
  5045 | D:4      | Found a staircase to the Ecumenical Temple.
  5093 | D:4      | Found an iron altar of Okawaru.
  5152 | D:4      | Found Maisteng's Antique Armour Emporium.
  5299 | D:4      | Killed Eustachio
  5300 | D:4      | Reached skill level 5 in Air Magic
  5667 | D:4      | Splashed by Pikel's acid

Illustrated notes

Levels and vault maps discovered:
D:1:      nicolae_arrival_kraken_aquarium_a, layout_loops_cross
D:2:      layout_rooms, minmay_strange_pillars, minmay_3d_cube
D:3:      layout_basic, minmay_ogre_servants, uniq_ijyb, uniq_grinder,
          uniq_jessica, uniq_crazy_yiuf_cottage
D:4:      layout_basic, nicolae_gozag_zags_fifth_avenue,
          minmay_temple_entry_steel_oval, serial_shops,
          nicolae_shop_temple_entry_statues_fountains, okawaru_gym_becter,
          uniq_eustachio, uniq_pikel

Skill      XL: |  1  2  3  4  5  6  7 |
---------------+----------------------+-----
Air Magic      | 1 2 4 5 |  5.0
Conjurations   | 4 5 |  5.0
Shields        | 2 3 4 |  4.0
Dodging        | |  0.3
Stealth        | |  1.4
Spellcasting   | |  3.1
Translocations | |  1.2
Fire Magic     | |  2.1
Evocations     | |  1.1

Action                   |  1- 3 |  4- 6 |  7- 9 || total
-------------------------+-------+-------+-------++-------
Melee: Dagger            |     1 |     1 |     6 ||     8
 Cast: Shock             |   103 |   122 |    33 ||   258
  Use: Scroll            |     3 |    10 |       ||    13
       Potion            |     1 |     4 |       ||     5
Armor: Skin              |       |     3 |       ||     3
       Robe              |       |     3 |    12 ||    15
Dodge: Dodged            |     8 |    15 |    25 ||    48
Block: Buckler           |       |     5 |    14 ||    19
